 Dungeon Crawl Stone Soup version 0.22.1-2-g9c5b331383 (webtiles) character file.

255 Gargoyl the Skirmisher (level 5, -3/67 HPs)
             Began as a Centaur Abyssal Knight on Dec 18, 2018.
             Was a Believer of Lugonu.
             Succumbed to H0rd4k's ghost's poison
             ... on level 3 of the Dungeon.
             The game lasted 00:05:54 (3323 turns).

Gargoyl the Skirmisher (Centaur Abyssal Knight)     Turns: 3323, Time: 00:05:56

Health: -3/67      AC:  9    Str: 20    XL:     5   Next: 91%
Magic:  7/7        EV:  4    Int:  9    God:    Lugonu [**....]
Gold:   100        SH:  0    Dex:  9    Spells: 4/4 levels left

rFire    . . .     SeeInvis .   s - +9 dire flail "Weipt" {crush, rElec rN+++ MR+++ Int-2}
rCold    . . .     Gourm    .   (shield currently unavailable)
rNeg     + + +     Faith    .   e - +0 plate armour
rPois    .         Spirit   .   (no helmet)
rElec    +         Reflect  .   (no cloak)
rCorr    .         Harm     .   (no gloves)
MR       +++..                  (no barding)
Stlth    ..........             (no amulet)
HPRegen  0.21/turn              d - ring of positive energy
MPRegen  0.10/turn              j - ring of stealth

@: berserking, lethally poisoned (-3 -> -65), very quick
A: large, hooves 3, deformed body, speed 2, tough skin 3
a: Depart the Abyss, Bend Space, Renounce Religion


You were on level 3 of the Dungeon.
You worshipped Lugonu.
Lugonu was pleased with you.
You were very hungry.

You visited 1 branch of the dungeon, and saw 3 of its levels.
You visited the Abyss 1 time.

You collected 100 gold pieces.

Inventory:

Hand Weapons
 a - a +2 hand axe
 m - a +2 trident of protection
 p - a +5 spear
 s - the +9 dire flail "Weipt" (weapon) {crush, rElec rN+++ MR+++ Int-2}
   (You took it off an ogre on level 3 of the Dungeon)

   It inflicts extra damage upon your enemies.
   It affects your intelligence (-2).
   It insulates you from electricity.
   It renders you almost immune to negative energy.
   It affects your resistance to hostile enchantments.
Missiles
 f - 3 javelins (quivered)
Armour
 e - a +0 plate armour (worn)
Jewellery
 d - a ring of positive energy (left hand)
 i - an uncursed ring of wizardry {unknown}
 j - a ring of stealth (right hand)
Scrolls
 b - a scroll of enchant armour
 k - a scroll of teleportation
 n - a scroll of fog
 q - 2 scrolls of remove curse
 r - a scroll of identify
Potions
 g - 2 potions of curing {unknown}
 h - a potion of haste {unknown}
 o - a potion of invisibility {unknown}
Comestibles
 c - 5 rations


   Skills:
 + Level 3.6 Fighting
 + Level 2.9(3.1) Axes
 + Level 1.6(2.5) Polearms
 + Level 0.4 Throwing
 * Level 2.9 Armour
 + Level 1.2 Dodging
 * Level 2.9 Invocations


You had 4 spell levels left.
You didn't know any spells.
Your spell library was empty.

Dungeon Overview and Level Annotations

Branches:
Dungeon (3/15)

Altars:
Kikubaaqudgha

Annotations:
D:3 H0rd4k's ghost, amateur HuAr


Innate Abilities, Weirdness & Mutations

You have hooves in place of feet.
Armour fits poorly on your strangely shaped body.
You cover ground very quickly.
You have extremely tough skin. (AC +3)


Message History

You feel very sick. H0rd4k's ghost hits you.
* * * LOW HITPOINT WARNING * * *
Your plate armour prevents you from hitting H0rd4k's ghost.
Your kick misses H0rd4k's ghost.
H0rd4k's ghost is severely damaged.
* * * LOW HITPOINT WARNING * * *
You feel very sick. H0rd4k's ghost hits you.
* * * LOW HITPOINT WARNING * * *
You are more poisoned.
You barely miss H0rd4k's ghost. Your kick misses H0rd4k's ghost.
H0rd4k's ghost is severely damaged.
* * * LOW HITPOINT WARNING * * *
You feel very sick.
H0rd4k's ghost hits you but does no damage.
You are more poisoned.
You closely miss H0rd4k's ghost.
H0rd4k's ghost is severely damaged.
You die...

##....... ...# ...##
###.## # ##.### #.).#
############# # #.#†#
#.....©....©#
#.##.####.#..#.#..#.#
..# #.#..#..##.@.##..#
#.####.#.##..##.W.##..#
.........##.#..#.#..#.#
#.####....#.....[$....##
.........###############
..####...#.....©.©.....#
.........######...######
..#
#.#####..######..###...
..# ..#
##..............# #.#


You could see H0rd4k's ghost.

Vanquished Creatures
  An ogre (D:3)
  An orc wizard (D:3)
  3 gnolls (D:2)
  3 adders
  2 oozes
  2 worms (D:3)
  3 dart slugs (D:2)
  2 leopard geckos
  8 orcs (D:3)
  6 bats
  A giant cockroach (D:3)
  7 goblins
  7 hobgoblins
  2 jackals (D:1)
  A quokka (D:2)
  5 frilled lizards
  6 kobolds
  8 rats
  A bush (D:2)
69 creatures vanquished.

Notes
Turn   | Place    | Note
-------+----------+-------------------------------------------
     0 | Abyss:1  | Gargoyl the Centaur Abyssal Knight began the quest for the
                  | Orb.
     0 | Abyss:1  | Reached XP level 1. HP: 19/19 MP: 2/2
    51 | Abyss:1  | Noticed an ancient zyme
    56 | Abyss:1  | Noticed a small abomination
    73 | D:1      | Escaped the Abyss
   275 | D:1      | Reached XP level 2. HP: 24/26 MP: 3/3
   399 | D:1      | Reached * piety under Lugonu
   857 | D:2      | Reached XP level 3. HP: 21/31 MP: 4/4
  1380 | D:2      | Reached XP level 4. HP: 36/38 MP: 5/5
  1920 | D:2      | Reached ** piety under Lugonu
  2157 | D:3      | Reached skill level 1 in Dodging
  2340 | D:3      | Reached XP level 5. HP: 45/45 MP: 6/6
  2735 | D:3      | Reached skill level 1 in Polearms
  2756 | D:3      | Found an ancient bone altar of Kikubaaqudgha.
  3025 | D:3      | Found a transporter.
  3027 | D:3      | Noticed H0rd4k's ghost (amateur HuAr)
  3029 | D:3      | Noticed an ogre
  3033 | D:3      | Found a transporter.
  3052 | D:3      | Killed an ogre
  3300 | D:3      | Got a jewelled dire flail {crush}
  3301 | D:3      | Identified the +9 dire flail "Weipt" {crush, rElec rN+++
                  | MR+++ Int-2} (You took it off an ogre on level 3 of the
                  | Dungeon)
  3322 | D:3      | HP: 1/67 [poisoned by H0rd4k's ghost]
  3323 | D:3      | Succumbed to H0rd4k's ghost's poison

Skill      XL: |  1  2  3  4  5 |
---------------+----------------+-----
Axes           | 2 |  2.9
Armour         | 2 |  2.9
Dodging        | 1 |  1.2
Polearms       | 1 |  1.6
Fighting       | |  3.6
Throwing       | |  0.4
Invocations    | |  2.9

Action                   |  1- 3 |  4- 6 || total
-------------------------+-------+-------++-------
Melee: Hand axe          |    80 |    20 ||   100
       Kick              |     8 |    35 ||    43
       Trident           |       |   126 ||   126
       Dire flail        |       |    13 ||    13
       Spear             |       |    10 ||    10
Throw: Javelin           |     3 |     5 ||     8
Invok: Depart the Abyss  |     1 |       ||     1
  Use: Scroll            |     4 |     5 ||     9
       Potion            |       |     1 ||     1
  Eat: Chunk             |       |     5 ||     5
Armor: Ring mail         |    52 |    39 ||    91
       Plate armour      |       |    50 ||    50
Dodge: Dodged            |    42 |    45 ||    87
